 Dungeon Crawl Stone Soup version 0.25-a0-346-g140ab784a8 (webtiles) character file.

Game seed: 16172252010211882711, levelgen mode: deterministic

18283 AIAndy the Thaumaturge (level 12, -3/91 HPs)
             Began as a Gnoll Wanderer on Dec 31, 2019.
             Was an Elder of Sif Muna.
             Slain by a freezing wraith (14 damage)
             ... in an ice cave on Jan 1, 2020.
             The game lasted 01:39:33 (13722 turns).

AIAndy the Thaumaturge (Gnoll Wanderer)            Turns: 13722, Time: 01:39:35

Health: -3/91      AC: 12    Str: 10    XL:     12   Next: 56%
Magic:  15/24      EV: 18    Int: 20    God:    Sif Muna [****..]
Gold:   931        SH:  0    Dex: 19    Spells: 8/28 levels left

rFire    . . .     SeeInvis .     - Unarmed
rCold    . . .     Gourm    .   (shield currently unavailable)
rNeg     . . .     Faith    .   y - +2 robe {MR+}
rPois    .         Spirit   .   a - +0 helmet
rElec    .         Reflect  .   I - +0 cloak
rCorr    .         Harm     .   (gloves currently unavailable)
MR       +....                  (no boots)
Stlth    ++++......             g - amulet of regeneration
HPRegen  0.65/turn              Z - ring of wizardry
MPRegen  0.19/turn              O - +5 ring of protection

@: blade hands, slowed, very slow
A: distributed training, fangs 1, strong nose
a: End Transformation, Channel Magic, Forget Spell, Divine Exegesis, Renounce
Religion


You were in an ice cave.
You worshipped Sif Muna.
Sif Muna was greatly pleased with you.
You were not hungry.
You had blades for hands.
You visited 3 branches of the dungeon, and saw 15 of its levels.
You also visited: Sewer and Ice Cave.

You collected 931 gold pieces.


Innate Abilities, Weirdness & Mutations

Your experience applies equally to all skills.
You have very sharp teeth.
Your uncanny sense of smell can sniff out nearby items.


   Skills:
 + Level 7.3 Fighting
 + Level 7.3 Short Blades
 + Level 7.3 Long Blades
 + Level 7.3 Axes
 + Level 7.3 Maces & Flails
 + Level 7.3 Polearms
 + Level 7.3 Staves
 + Level 7.3 Slings
 + Level 7.3 Bows
 + Level 7.3 Crossbows
 + Level 7.3 Throwing
 + Level 7.3 Armour
 + Level 7.3 Dodging
 + Level 7.7 Stealth
 + Level 7.8 Shields
 + Level 7.3 Unarmed Combat
 + Level 8.9 Spellcasting
 + Level 6.0 Conjurations
 + Level 7.2 Hexes
 + Level 6.0 Charms
 + Level 6.0 Summonings
 + Level 6.0 Necromancy
 + Level 6.0 Translocations
 + Level 6.4 Transmutations
 + Level 6.0 Fire Magic
 + Level 6.0 Ice Magic
 + Level 6.4 Air Magic
 + Level 7.2 Earth Magic
 + Level 6.0 Poison Magic
 + Level 8.0 Invocations
 + Level 7.3 Evocations


You had 8 spell levels left.
You knew the following spells:

 Your Spells              Type           Power        Failure   Level  Hunger
a - Blade Hands           Tmut           ####......   26%         5    #####..
d - Tukima's Dance        Hex            #####...     6%          3    None
e - Spider Form           Tmut/Pois      ####......   9%          3    None
i - Swiftness             Chrm/Air       ####....     6%          2    None
m - Mephitic Cloud        Conj/Pois/Air  ####....     9%          3    None
z - Sting                 Tmut/Pois      ####         4%          1    None
X - Dazzling Flash        Conj/Hex       #####.       8%          3    None

Your spell library contained the following spells:

 Spells                   Type           Power        Failure   Level  Hunger
 Beastly Appendage        Tmut           ####..       4%          1    None
 Confusing Touch          Hex            #####.       4%          1    None
 Corona                   Hex            #####..      4%          1    None
 Animate Skeleton         Necr           N/A          5%          1    None
 Apportation              Tloc           ####..       5%          1    None
 Summon Small Mammal      Summ           ####         5%          1    None
 Corpse Rot               Necr/Air       N/A          6%          2    None
 Ensorcelled Hibernation  Hex/Ice        #####.       6%          2    None
 Poisonous Vapours        Pois/Air       ####..       6%          2    None
 Sticks to Snakes         Tmut           ####....     6%          2    None
 Confuse                  Hex            #####...     6%          3    None
 Conjure Flame            Conj/Fire      ####....     9%          3    None
 Cause Fear               Hex            #####.....   12%         4    ###....
 Ice Form                 Ice/Tmut       ####....     16%         4    ###....
 Silence                  Hex/Air        #####.....   24%         5    #####..
 Yara's Violent Unravell  Hex/Tmut       #####.....   24%         5    #####..
 Deflect Missiles         Chrm/Air       ####......   65%         6    ######.
 Freezing Cloud           Conj/Ice/Air   ####......   67%         6    ######.
 Ring of Flames           Chrm/Fire      ####......   98%         7    #######
 Discord                  Hex            #####.....   100%        8    #######

Inventory:

Hand Weapons
 m - a +4 whip of flaming
 w - a +0 hunting sling
 x - the +3 whip "Imp's Undoing" (melded) {drain, Int+3}
   (You found it on level 5 of the Dungeon)

   A truly terrible weapon, it drains the life of those it strikes.
   It affects your intelligence (+3).
Missiles
 b - 405 stones (quivered)
 j - 11 curare-tipped darts {=f}
 o - 106 sling bullets
 E - a throwing net {=f}
Armour
 a - a +0 helmet (worn)
 e - a +0 shield (melded)
 y - a +2 robe of magic resistance (worn)
 H - a +0 pair of gloves (melded)
 I - a +0 cloak (worn)
Jewellery
 g - an amulet of regeneration (around neck)
 v - an uncursed ring of see invisible
 O - a +5 ring of protection (right scythe-like blade)
 R - an uncursed ring of resist corrosion
 Z - a ring of wizardry (left scythe-like blade)
Wands
 u - a wand of random effects (42)
 G - a wand of iceblast (32)
 J - a wand of flame (9)
 M - a wand of digging (2)
Scrolls
 d - 2 scrolls of enchant weapon
 h - 15 scrolls of remove curse {@r2}
 i - 2 scrolls of identify {@r1}
 l - a scroll of blinking
 n - a scroll of enchant armour
 t - 2 scrolls of magic mapping
 A - 4 scrolls of teleportation {@r4}
 F - a scroll of silence {unknown}
 K - a scroll of immolation {unknown}
 L - a scroll of amnesia
Potions
 c - a potion of magic
 k - a potion of lignification {unknown}
 p - 4 potions of might
 q - 3 potions of flight
 r - 3 potions of brilliance
 s - 8 potions of curing {@q1}
 z - a potion of agility
 B - a potion of heal wounds {@q2}
 C - 2 potions of cancellation
 S - a potion of resistance {unknown}
 T - a potion of haste {unknown}
Miscellaneous
 P - a lightning rod (2/4)
Comestibles
 f - 21 rations {@e1}

Dungeon Overview and Level Annotations

Branches:
Dungeon (11/15)            Temple (1/1) D:5            Lair (3/6) D:9
    Orc (0/2) D:10          Sewer (visited)           IceCv (1/1)
  Swamp: Lair:2-4    Shoals: Lair:2-4     Snake: Lair:2-4    Spider: Lair:2-4

Altars:
Ashenzari
Cheibriados
Dithmenos
Elyvilon
Fedhas
Gozag
Hepliaklqana
Kikubaaqudgha
Makhleb
Nemelex Xobeh
Okawaru
Qazlal
Ru
Sif Muna
Trog
Uskayaw
Vehumet
Wu Jian
Xom
Yredelemnul
Zin
The Shining One

Shops:
D:8 }   D:9 :

Annotations:
Lair:2 2 transporters, astraldaughter's ghost, journeyman KoEE

... ..## ##### ..#
##...###.##
##.....##..#
#...#...#..#
#..####....# ##W.#
##...# ##@W## ##.##
##...# ### ###
##....## ..## ####
#......#
...#####..####.....##
.....##....##.......#
.∩.......#..........#
........###.........#
...##..## ###......##


You could see 2 freezing wraiths.


Message History

You feel much better.
The freezing wraith barely misses you. x2
The freezing wraith closely misses you. The freezing wraith hits you!
* * * LOW HITPOINT WARNING * * *
The freezing wraith drains your vigour!
You feel as though you will be slow longer.
The freezing wraith hits you but does no damage.
The freezing wraith misses you.
You feel much better. The freezing wraith hits you.
The freezing wraith freezes you!
* * * LOW HITPOINT WARNING * * *
The freezing wraith hits you.
* * * LOW HITPOINT WARNING * * *
The freezing wraith drains your vigour!
You feel as though you will be slow longer.
The freezing wraith misses you.
The freezing wraith completely misses you.
The freezing wraith closely misses you. x2
The freezing wraith hits you but does no damage.
The freezing wraith hits you.
* * * LOW HITPOINT WARNING * * *
The freezing wraith drains your vigour!
You feel as though you will be slow longer.
You completely miss the freezing wraith.
The freezing wraith barely misses you. x2; The freezing wraith hits you.
* * * LOW HITPOINT WARNING * * *
The freezing wraith freezes you!
* * * LOW HITPOINT WARNING * * *
The freezing wraith completely misses you.
The freezing wraith hits you!
You die...

Skill      XL: |  1  2  3  4  5  6  7  8  9 10 11 12 |
---------------+-------------------------------------+-----
Transmutations | 2 3 4 5 6 |  6.4
Air Magic      | 2 3 4 5 6 |  6.4
Spellcasting   | 5 6 7 8 |  8.9
Invocations    | 1 2 3 4 5 6 7 8 |  8.0
Fighting       | 1 2 3 4 5 6 7 |  7.3
Short Blades   | 1 2 3 4 5 6 7 |  7.3
Long Blades    | 1 2 3 4 5 6 7 |  7.3
Axes           | 1 2 3 4 5 6 7 |  7.3
Maces & Flails | 1 2 3 4 5 6 7 |  7.3
Polearms       | 1 2 3 4 5 6 7 |  7.3
Staves         | 1 2 3 4 5 6 7 |  7.3
Slings         | 1 2 3 4 5 6 7 |  7.3
Bows           | 1 2 3 4 5 6 7 |  7.3
Crossbows      | 1 2 3 4 5 6 7 |  7.3
Throwing       | 1 2 3 4 5 6 7 |  7.3
Armour         | 1 2 3 4 5 6 7 |  7.3
Dodging        | 1 2 3 4 5 6 7 |  7.3
Unarmed Combat | 1 2 3 4 5 6 7 |  7.3
Evocations     | 1 2 3 4 5 6 7 |  7.3
Conjurations   | 1 2 3 4 5 6 |  6.0
Charms         | 1 2 3 4 5 6 |  6.0
Summonings     | 1 2 3 4 5 6 |  6.0
Necromancy     | 1 2 3 4 5 6 |  6.0
Translocations | 1 2 3 4 5 6 |  6.0
Fire Magic     | 1 2 3 4 5 6 |  6.0
Ice Magic      | 1 2 3 4 5 6 |  6.0
Poison Magic   | 1 2 3 4 5 6 |  6.0
Shields        | 3 4 5 6 7 |  7.8
Hexes          | 4 5 6 7 |  7.2
Earth Magic    | 4 5 6 7 |  7.2
Stealth        | 3 4 5 6 7 |  7.7

Action                   |  1- 3 |  4- 6 |  7- 9 | 10-12 || total
-------------------------+-------+-------+-------+-------++-------
Melee: Dagger            |    30 |       |       |       ||    30
       Short sword       |    23 |       |       |       ||    23
       Bite              |     4 |     3 |    31 |    42 ||    80
       Whip              |     9 |    49 |   246 |   369 ||   673
       Unarmed           |       |       |    41 |    45 ||    86
       Punch             |       |       |       |     2 ||     2
 Cast: Sting             |    34 |    95 |   243 |   368 ||   740
       Spider Form       |       |       |     5 |       ||     5
       Dazzling Flash    |       |       |     2 |     3 ||     5
       Corpse Rot        |       |       |     1 |       ||     1
       Tukima's Dance    |       |       |     4 |     2 ||     6
       Mephitic Cloud    |       |       |       |    32 ||    32
       Blade Hands       |       |       |       |     7 ||     7
Evoke: Lightning rod     |       |       |       |     4 ||     4
       Wand              |       |       |       |     4 ||     4
  Use: Scroll            |       |       |    16 |     4 ||    20
       Potion            |       |       |       |     5 ||     5
 Stab: Sleeping          |     7 |     2 |     8 |     3 ||    20
       Invisible         |       |       |     1 |     1 ||     2
       Confused          |       |       |       |     8 ||     8
  Eat: Chunk             |     1 |     6 |    15 |    17 ||    39
       Ration            |       |       |       |     1 ||     1
Armor: Robe              |    11 |    13 |    92 |   144 ||   260
       Skin              |       |       |     2 |       ||     2
Dodge: Dodged            |    30 |    32 |   188 |   324 ||   574
Block: Shield            |    36 |    26 |   181 |   259 ||   502

Levels and vault maps discovered:
D:1:      dpeg_arrival_rooms_b, layout_basic
D:2:      layout_basic, lemuel_round_altar, lemuel_round_altar, first_ration,
          uniq_robin
D:3:      layout_basic, minitemple, palyth_stone_intersect, minivault_11
D:4:      layout_basic
D:5:      layout_loops_ring, minmay_temple_entry_enclosed_plants,
          portal_sewer_entry_a
D:6:      layout_cave_pods, cheibriados_altar_1, nrook_loot_triangle
D:7:      layout_layer_cave, kiku_gazebo_pond_becter
D:8:      layout_loops_cross, serial_shops, shop_coins,
          hangedman_pestilent_swarm, kennysheep_generic_room_2
D:9:      layout_grid_maze, due_lair_maze_entry_diamond, serial_shops,
          shop_fountains, basic_altar, uniq_erica, uniq_maurice, uniq_erolcha,
          uniq_joseph
D:10:     layout_irregular_city, orc_0_dummy, kennysheep_big_empty_room
D:11:     layout_roguey, zaba_antful_of_joy
Temple:   regret_index_temple_waves
Lair:1:   layout_regular_city, minivault_25, grunt_megastairs_5
Lair:2:   layout_loops_ring, gammafunk_ghost_hive, hangedman_lair_generics_rect
Lair:3:   layout_cave_pods, portal_ice_cave_entry_pillars_1,
          serial_bayou_shore_b, lemuel_fruit_tree, uniq_nergalle
IceCv:    ice_cave_small_necro

Notes
Turn   | Place    | Note
-------+----------+-------------------------------------------
     0 | D:1      | AIAndy the Gnoll Wanderer began the quest for the Orb.
     0 | D:1      | AIAndy set off with the following items: a +0 dagger, a +0
                  | robe, a +0 shield, a ration {@e1}; and the following spell
                  | memorised: Sting; and the following spells available to
                  | memorise: Corpse Rot, Swiftness, Spider Form
     0 | D:1      | Reached XP level 1. HP: 13/13 MP: 6/6
    73 | D:1      | Reached skill level 2 in Transmutations
    73 | D:1      | Reached skill level 2 in Air Magic
   161 | D:1      | Reached XP level 2. HP: 19/19 MP: 3/7
   804 | D:2      | Reached XP level 3. HP: 25/25 MP: 6/9
   819 | D:2      | Noticed Robin
   840 | D:2      | Reached skill level 5 in Spellcasting
   904 | D:2      | Found a stormy altar of Qazlal.
   950 | D:2      | Killed Robin
   950 | D:2      | Reached skill level 1 in Invocations
   983 | D:2      | Learned a level 2 spell: Corpse Rot
   986 | D:2      | Learned a level 2 spell: Swiftness
   990 | D:2      | Learned a level 3 spell: Spider Form
  1065 | D:2      | Reached skill level 1 in Fighting
  1065 | D:2      | Reached skill level 1 in Short Blades
  1065 | D:2      | Reached skill level 1 in Long Blades
  1065 | D:2      | Reached skill level 1 in Axes
  1065 | D:2      | Reached skill level 1 in Maces & Flails
  1065 | D:2      | Reached skill level 1 in Polearms
  1065 | D:2      | Reached skill level 1 in Staves
  1065 | D:2      | Reached skill level 1 in Slings
  1065 | D:2      | Reached skill level 1 in Bows
  1065 | D:2      | Reached skill level 1 in Crossbows
  1065 | D:2      | Reached skill level 1 in Throwing
  1065 | D:2      | Reached skill level 1 in Armour
  1065 | D:2      | Reached skill level 1 in Dodging
  1065 | D:2      | Reached skill level 1 in Unarmed Combat
  1065 | D:2      | Reached skill level 1 in Evocations
  1091 | D:2      | Reached XP level 4. HP: 32/32 MP: 9/11
  1287 | D:2      | Found an opulent altar of Gozag.
  1372 | D:2      | Reached skill level 1 in Conjurations
  1372 | D:2      | Reached skill level 1 in Charms
  1372 | D:2      | Reached skill level 1 in Summonings
  1372 | D:2      | Reached skill level 1 in Necromancy
  1372 | D:2      | Reached skill level 1 in Translocations
  1372 | D:2      | Reached skill level 1 in Fire Magic
  1372 | D:2      | Reached skill level 1 in Ice Magic
  1372 | D:2      | Reached skill level 1 in Poison Magic
  1777 | D:2      | Reached XP level 5. HP: 35/37 MP: 10/12
  1884 | D:3      | Found a shattered altar of Ashenzari.
  2622 | D:3      | Found an iron altar of Okawaru.
  2623 | D:3      | Found a basalt altar of Yredelemnul.
  2713 | D:4      | Reached skill level 3 in Shields
  2718 | D:4      | Reached skill level 4 in Hexes
  2718 | D:4      | Reached skill level 4 in Earth Magic
  2879 | D:4      | Reached skill level 2 in Invocations
  2879 | D:4      | Reached XP level 6. HP: 36/44 MP: 7/13
  2951 | D:4      | Reached skill level 2 in Fighting
  2951 | D:4      | Reached skill level 2 in Short Blades
  2951 | D:4      | Reached skill level 2 in Long Blades
  2951 | D:4      | Reached skill level 2 in Axes
  2951 | D:4      | Reached skill level 2 in Maces & Flails
  2951 | D:4      | Reached skill level 2 in Polearms
  2951 | D:4      | Reached skill level 2 in Staves
  2951 | D:4      | Reached skill level 2 in Slings
  2951 | D:4      | Reached skill level 2 in Bows
  2951 | D:4      | Reached skill level 2 in Crossbows
  2951 | D:4      | Reached skill level 2 in Throwing
  2951 | D:4      | Reached skill level 2 in Armour
  2951 | D:4      | Reached skill level 2 in Dodging
  2951 | D:4      | Reached skill level 3 in Stealth
  2951 | D:4      | Reached skill level 2 in Unarmed Combat
  2951 | D:4      | Reached skill level 2 in Evocations
  3038 | D:4      | Reached XP level 7. HP: 22/50 MP: 6/15
  3862 | D:5      | Entered Level 5 of the Dungeon
  3938 | D:5      | Reached skill level 2 in Conjurations
  3938 | D:5      | Reached skill level 2 in Charms
  3938 | D:5      | Reached skill level 2 in Summonings
  3938 | D:5      | Reached skill level 2 in Necromancy
  3938 | D:5      | Reached skill level 2 in Translocations
  3938 | D:5      | Reached skill level 2 in Fire Magic
  3938 | D:5      | Reached skill level 2 in Ice Magic
  3938 | D:5      | Reached skill level 2 in Poison Magic
  3985 | D:5      | Got a fine whip
  3986 | D:5      | Identified the +3 whip "Imp's Undoing" {drain, Int+3} (You
                  | found it on level 5 of the Dungeon)
  3996 | D:5      | Reached skill level 3 in Transmutations
  3996 | D:5      | Reached skill level 3 in Air Magic
  4094 | D:5      | Found a glowing drain.
  4141 | Sewer    | Entered a sewer
  4393 | Sewer    | Reached skill level 3 in Invocations
  4462 | Sewer    | Reached XP level 8. HP: 48/57 MP: 8/16
  4626 | Sewer    | Reached skill level 3 in Fighting
  4626 | Sewer    | Reached skill level 3 in Short Blades
  4626 | Sewer    | Reached skill level 3 in Long Blades
  4626 | Sewer    | Reached skill level 3 in Axes
  4626 | Sewer    | Reached skill level 3 in Maces & Flails
  4626 | Sewer    | Reached skill level 3 in Polearms
  4626 | Sewer    | Reached skill level 3 in Staves
  4626 | Sewer    | Reached skill level 3 in Slings
  4626 | Sewer    | Reached skill level 3 in Bows
  4626 | Sewer    | Reached skill level 3 in Crossbows
  4626 | Sewer    | Reached skill level 3 in Throwing
  4626 | Sewer    | Reached skill level 3 in Armour
  4626 | Sewer    | Reached skill level 3 in Dodging
  4626 | Sewer    | Reached skill level 4 in Shields
  4626 | Sewer    | Reached skill level 3 in Unarmed Combat
  4626 | Sewer    | Reached skill level 3 in Evocations
  5176 | D:5      | Reached skill level 4 in Stealth
  5176 | D:5      | Reached skill level 6 in Spellcasting
  5297 | D:5      | Found a staircase to the Ecumenical Temple.
  5303 | Temple   | Entered the Ecumenical Temple
  5322 | Temple   | Became a worshipper of Sif Muna the Loreminder
  5852 | D:6      | Reached skill level 4 in Invocations
  5876 | D:6      | Learned a level 3 spell: Tukima's Dance
  5880 | D:6      | Learned a level 3 spell: Dazzling Flash
  5907 | D:6      | Reached skill level 3 in Conjurations
  5907 | D:6      | Reached skill level 3 in Charms
  5907 | D:6      | Reached skill level 3 in Summonings
  5907 | D:6      | Reached skill level 3 in Necromancy
  5907 | D:6      | Reached skill level 3 in Translocations
  5907 | D:6      | Reached skill level 3 in Fire Magic
  5907 | D:6      | Reached skill level 3 in Ice Magic
  5907 | D:6      | Reached skill level 3 in Poison Magic
  5967 | D:6      | Reached XP level 9. HP: 63/65 MP: 11/18
  6033 | D:6      | Found a snail-covered altar of Cheibriados.
  6045 | D:6      | Reached skill level 5 in Hexes
  6045 | D:6      | Reached skill level 5 in Earth Magic
  6680 | D:7      | Reached * piety under Sif Muna
  6680 | D:7      | Reached skill level 4 in Fighting
  6680 | D:7      | Reached skill level 4 in Short Blades
  6680 | D:7      | Reached skill level 4 in Long Blades
  6680 | D:7      | Reached skill level 4 in Axes
  6680 | D:7      | Reached skill level 4 in Maces & Flails
  6680 | D:7      | Reached skill level 4 in Polearms
  6680 | D:7      | Reached skill level 4 in Staves
  6680 | D:7      | Reached skill level 4 in Slings
  6680 | D:7      | Reached skill level 4 in Bows
  6680 | D:7      | Reached skill level 4 in Crossbows
  6680 | D:7      | Reached skill level 4 in Throwing
  6680 | D:7      | Reached skill level 4 in Armour
  6680 | D:7      | Reached skill level 4 in Dodging
  6680 | D:7      | Reached skill level 4 in Unarmed Combat
  6680 | D:7      | Reached skill level 4 in Transmutations
  6680 | D:7      | Reached skill level 4 in Air Magic
  6680 | D:7      | Reached skill level 4 in Evocations
  7034 | D:7      | Reached skill level 5 in Shields
  7045 | D:7      | Found an ancient bone altar of Kikubaaqudgha.
  7071 | D:7      | Reached skill level 5 in Stealth
  7125 | D:7      | Reached skill level 5 in Invocations
  7863 | D:8      | Learned a level 3 spell: Mephitic Cloud
  7871 | D:8      | Reached XP level 10. HP: 73/73 MP: 18/20
  7940 | D:8      | Reached skill level 7 in Spellcasting
  7952 | D:8      | Reached skill level 4 in Conjurations
  7952 | D:8      | Reached skill level 4 in Charms
  7952 | D:8      | Reached skill level 4 in Summonings
  7952 | D:8      | Reached skill level 4 in Necromancy
  7952 | D:8      | Reached skill level 4 in Translocations
  7952 | D:8      | Reached skill level 4 in Fire Magic
  7952 | D:8      | Reached skill level 4 in Ice Magic
  7952 | D:8      | Reached skill level 4 in Poison Magic
  8241 | D:8      | Found Cagruc's Gadget Boutique.
  8298 | D:8      | Reached skill level 5 in Fighting
  8298 | D:8      | Reached skill level 5 in Short Blades
  8298 | D:8      | Reached skill level 5 in Long Blades
  8298 | D:8      | Reached skill level 5 in Axes
  8298 | D:8      | Reached skill level 5 in Maces & Flails
  8298 | D:8      | Reached skill level 5 in Polearms
  8298 | D:8      | Reached skill level 5 in Staves
  8298 | D:8      | Reached skill level 5 in Slings
  8298 | D:8      | Reached skill level 5 in Bows
  8298 | D:8      | Reached skill level 5 in Crossbows
  8298 | D:8      | Reached skill level 5 in Throwing
  8298 | D:8      | Reached skill level 5 in Armour
  8298 | D:8      | Reached skill level 5 in Dodging
  8298 | D:8      | Reached skill level 5 in Unarmed Combat
  8298 | D:8      | Reached skill level 5 in Evocations
  8743 | D:9      | Found Teareeg's Book Emporium.
  8915 | D:9      | Noticed Joseph
  8925 | D:9      | Killed Joseph
  8947 | D:9      | Noticed Erolcha
  8963 | D:9      | Killed Erolcha
  8963 | D:9      | Reached skill level 6 in Stealth
  8963 | D:9      | Reached skill level 6 in Shields
  8963 | D:9      | Reached skill level 6 in Hexes
  8963 | D:9      | Reached skill level 5 in Transmutations
  8963 | D:9      | Reached skill level 5 in Air Magic
  8963 | D:9      | Reached skill level 6 in Earth Magic
  8963 | D:9      | Reached skill level 6 in Invocations
  9324 | D:9      | Reached ** piety under Sif Muna
  9414 | D:9      | Found a staircase to the Lair.
  9424 | D:9      | Found an ancient bone altar of Kikubaaqudgha.
  9597 | D:9      | Reached XP level 11. HP: 81/81 MP: 15/22
  9599 | D:9      | Noticed a two-headed ogre
  9648 | D:9      | Killed a two-headed ogre
  9735 | D:9      | Noticed Erica
  9761 | D:9      | Killed Erica
  9761 | D:9      | Reached skill level 6 in Fighting
  9761 | D:9      | Reached skill level 6 in Short Blades
  9761 | D:9      | Reached skill level 6 in Long Blades
  9761 | D:9      | Reached skill level 6 in Axes
  9761 | D:9      | Reached skill level 6 in Maces & Flails
  9761 | D:9      | Reached skill level 6 in Polearms
  9761 | D:9      | Reached skill level 6 in Staves
  9761 | D:9      | Reached skill level 6 in Slings
  9761 | D:9      | Reached skill level 6 in Bows
  9761 | D:9      | Reached skill level 6 in Crossbows
  9761 | D:9      | Reached skill level 6 in Throwing
  9761 | D:9      | Reached skill level 6 in Armour
  9761 | D:9      | Reached skill level 6 in Dodging
  9761 | D:9      | Reached skill level 6 in Unarmed Combat
  9761 | D:9      | Reached skill level 6 in Evocations
  9970 | D:9      | Reached skill level 5 in Conjurations
  9970 | D:9      | Reached skill level 5 in Charms
  9970 | D:9      | Reached skill level 5 in Summonings
  9970 | D:9      | Reached skill level 5 in Necromancy
  9970 | D:9      | Reached skill level 5 in Translocations
  9970 | D:9      | Reached skill level 5 in Fire Magic
  9970 | D:9      | Reached skill level 5 in Ice Magic
  9970 | D:9      | Reached skill level 5 in Poison Magic
 10278 | D:9      | Noticed Maurice
 10292 | D:9      | Killed Maurice
 10292 | D:9      | Reached skill level 8 in Spellcasting
 10388 | D:10     | Entered Level 10 of the Dungeon
 11087 | D:10     | Found a staircase to the Orcish Mines.
 11218 | D:11     | Noticed a cyan ugly thing
 11310 | Lair:1   | Entered Level 1 of the Lair of Beasts
 11339 | Lair:1   | Reached *** piety under Sif Muna
 11339 | Lair:1   | Reached skill level 7 in Invocations
 11340 | Lair:1   | Reached skill level 7 in Shields
 11564 | Lair:1   | Reached skill level 7 in Stealth
 11765 | Lair:1   | Reached skill level 6 in Transmutations
 11765 | Lair:1   | Reached skill level 6 in Air Magic
 11923 | Lair:2   | Reached XP level 12. HP: 39/89 MP: 18/24
 12356 | Lair:1   | Reached skill level 7 in Hexes
 12356 | Lair:1   | Reached skill level 7 in Earth Magic
 12527 | Lair:1   | Reached skill level 7 in Fighting
 12527 | Lair:1   | Reached skill level 7 in Short Blades
 12527 | Lair:1   | Reached skill level 7 in Long Blades
 12527 | Lair:1   | Reached skill level 7 in Axes
 12527 | Lair:1   | Reached skill level 7 in Maces & Flails
 12527 | Lair:1   | Reached skill level 7 in Polearms
 12527 | Lair:1   | Reached skill level 7 in Staves
 12527 | Lair:1   | Reached skill level 7 in Slings
 12527 | Lair:1   | Reached skill level 7 in Bows
 12527 | Lair:1   | Reached skill level 7 in Crossbows
 12527 | Lair:1   | Reached skill level 7 in Throwing
 12527 | Lair:1   | Reached skill level 7 in Armour
 12527 | Lair:1   | Reached skill level 7 in Dodging
 12527 | Lair:1   | Reached skill level 7 in Unarmed Combat
 12527 | Lair:1   | Reached skill level 7 in Evocations
 12672 | Lair:1   | Learned a level 5 spell: Blade Hands
 13133 | Lair:2   | Noticed astraldaughter's ghost (journeyman KoEE)
 13229 | Lair:2   | Found a transporter.
 13233 | Lair:2   | Found a transporter.
 13257 | Lair:2   | You fall into a shaft and drop 1 floor!
 13335 | Lair:3   | Reached **** piety under Sif Muna
 13335 | Lair:3   | Reached skill level 6 in Conjurations
 13335 | Lair:3   | Reached skill level 6 in Charms
 13335 | Lair:3   | Reached skill level 6 in Summonings
 13335 | Lair:3   | Reached skill level 6 in Necromancy
 13335 | Lair:3   | Reached skill level 6 in Translocations
 13335 | Lair:3   | Reached skill level 6 in Fire Magic
 13335 | Lair:3   | Reached skill level 6 in Ice Magic
 13335 | Lair:3   | Reached skill level 6 in Poison Magic
 13430 | Lair:3   | Found a frozen archway.
 13448 | IceCv    | Entered an ice cave
 13577 | IceCv    | Reached skill level 8 in Invocations
 13717 | IceCv    | HP: 2/91 [freezing wraith (13)]
 13722 | IceCv    | Slain by a freezing wraith

Vanquished Creatures
  Erolcha (D:9)
  Erica (D:9)
  A two-headed ogre (D:9)
  A centaur zombie (D:10)
  Maurice (D:9)
  Joseph (D:9)
  4 spiny frogs
  3 komodo dragons
  3 hornets (D:8)
  3 hippogriffs
  33 yaks
  A wyvern (D:11)
  A basilisk (Lair:1)
  A death yak simulacrum (IceCv)
  A soldier ant (D:8)
  5 porcupines
  6 water moccasins
  4 orc warriors
  A black bear (D:9)
  7 ice beasts
  A necrophage (D:8)
  3 ogres
  8 centaurs
  4 crocodiles
  4 big kobolds
  A gnoll sergeant (D:7)
  18 bullfrogs
  An elephant simulacrum (IceCv)
  6 scorpions
  A howler monkey (D:4)
  7 crimson imps
  A bullfrog zombie (D:9)
  2 hounds
  2 centaur skeletons
  9 orc priests
  3 iguanas
  14 orc wizards
  7 worker ants
  2 polar bear simulacra (IceCv)
  Robin (D:2)
  7 gnolls
  A howler monkey skeleton (D:5)
  11 river rats (Sewer)
  12 adders
  A shadow imp (D:6)
  5 white imps (IceCv)
  2 oozes (Sewer)
  An adder zombie (D:5)
  9 worms
  3 dart slugs
  6 leopard geckos
  28 orcs
  7 ball pythons
  2 giant cockroaches
  15 goblins
  4 hobgoblins (D:2)
  8 jackals
  A quokka (D:2)
  11 bats
  8 frilled lizards
  A jackal skeleton (D:5)
  21 kobolds
  A leopard gecko skeleton (D:5)
  A leopard gecko zombie (D:6)
  A quokka skeleton (D:4)
  A quokka zombie (D:6)
  20 rats
362 creatures vanquished.

Vanquished Creatures (others)
  A dancing weapon (D:8)
  5 fungi
  A plant (D:9)
7 creatures vanquished.

Grand Total: 369 creatures vanquished

Table legend:
 A = Turns spent in this place as a percentage of turns spent in the entire game.
 B = Non-inter-level travel turns spent in this place as a percentage of non-inter-level travel turns spent in the entire game.
 C = Inter-level travel turns spent in this place as a percentage of turns spent in this place.
 D = Turns resting spent in this place as a percentage of non-inter-level travel turns spent in this place.
 E = Turns spent auto-exploring this place as a percentage of non-inter-level travel turns spent in this place.
 F = Non-inter-level travel turns spent in this place divided by the number of levels of this place that you've seen.
                   A       B       C       D       E      F
               +-------+-------+-------+-------+-------+----------------------
         Total | 100.0 | 100.0 |   3.9 |  18.2 |  53.5 | 775.5
       Dungeon |  75.5 |  74.9 |   4.8 |  14.9 |  58.3 | 897.3
        Temple |   0.7 |   0.7 |   5.2 |   0.0 |  93.5 |  92.0
          Lair |  15.6 |  15.9 |   1.8 |  28.1 |  39.6 | 700.0
         Sewer |   6.2 |   6.4 |   0.0 |  24.4 |  42.9 | 847.0
      Ice Cave |   2.0 |   2.1 |   0.0 |  46.0 |   9.9 | 274.0
               +-------+-------+-------+-------+-------+----------------------

Table legend:
 A = Non-vault XP
 B = Vault XP
 C = Vault XP percentage of total XP
 D = Non-vault monster count
 E = Vault monster count
 F = Vault count percentage of total count
                 A         B        C        D         E       F
            +---------+---------+-------+---------+---------+-------
      Total |   18683 |    7436 |  28.5 |     259 |     103 |  28.5
            +---------+---------+-------+---------+---------+-------
        D:1 |      30 |       0 |   0.0 |      20 |       0 |   0.0
        D:2 |     102 |      34 |  25.0 |      26 |      11 |  29.7
        D:3 |      23 |       0 |   0.0 |      10 |       0 |   0.0
        D:4 |     620 |       0 |   0.0 |      30 |       0 |   0.0
        D:5 |     506 |      15 |   2.9 |      20 |       5 |  20.0
        D:6 |    1054 |       0 |   0.0 |      26 |       0 |   0.0
        D:7 |    1690 |       0 |   0.0 |      23 |       0 |   0.0
        D:8 |     784 |    1209 |  60.7 |      11 |       8 |  42.1
        D:9 |    2001 |    3590 |  64.2 |      21 |      11 |  34.4
       D:10 |    1623 |       0 |   0.0 |      19 |       0 |   0.0
       D:11 |     217 |       0 |   0.0 |       2 |       0 |   0.0
     Lair:1 |    6035 |    1116 |  15.6 |      31 |       6 |  16.2
     Lair:2 |    2823 |       0 |   0.0 |      15 |       0 |   0.0
     Lair:3 |    1175 |       0 |   0.0 |       5 |       0 |   0.0
      Sewer |       0 |     500 | 100.0 |       0 |      48 | 100.0
      IceCv |       0 |     972 | 100.0 |       0 |      14 | 100.0
            +---------+---------+-------+---------+---------+-------
